 Dungeon Crawl Stone Soup version 0.24.0-2-g5b39cebb1c (webtiles) character file.

Game seed: 16299835645860931295, levelgen mode: deterministic

94 IceCat the Ruffian (level 4, 0/36 HPs)
             Began as a Draconian Transmuter on Oct 31, 2019.
             Succumbed to an adder's poison
             ... on level 2 of the Dungeon.
             The game lasted 00:04:13 (2717 turns).

IceCat the Ruffian (Draconian Transmuter)           Turns: 2717, Time: 00:04:14

Health: 0/36       AC:  5    Str: 13    XL:     4   Next: 38%
Magic:  7/7        EV: 12    Int: 14    God:
Gold:   72         SH:  0    Dex: 11    Spells: 4/7 levels left

rFire    . . .     SeeInvis .     - Unarmed
rCold    . . .     Gourm    .   (no shield)
rNeg     . . .     Faith    .   (armour unavailable)
rPois    +         Spirit   .   (helmet restricted)
rElec    .         Reflect  .   (no cloak)
rCorr    +         Harm     .   (no gloves)
MR       .....                  (no boots)
Stlth    +.........             (no amulet)
HPRegen  0.12/turn              e - ring of poison resistance
MPRegen  0.10/turn              b - ring of resist corrosion

@: lethally poisoned (0 -> -5), appendage (expiring), starving, hasted, very
quick
A: unfitting armour, horns 2, cold-blooded, AC +5
a: End Transformation


You were on level 2 of the Dungeon.
You were starving.
You had grown temporary horns.
You visited 1 branch of the dungeon, and saw 3 of its levels.

You collected 72 gold pieces.

Inventory:

Missiles
 a - 64 arrows
Jewellery
 b - a ring of resist corrosion (right hand)
 e - a ring of poison resistance (left hand)
Scrolls
 d - 2 scrolls of enchant armour {unknown}
 f - 3 scrolls of remove curse
 g - a scroll of magic mapping {unknown}
 h - 2 scrolls of identify {unknown}
 i - a scroll of teleportation {unknown}
 k - a scroll of immolation {unknown}
 l - a scroll of fear {unknown}
 m - a scroll of blinking {unknown}
Potions
 j - a potion of agility {unknown}
Comestibles
 c - 6 rations


   Skills:
 + Level 1.8 Fighting
 + Level 2.2 Dodging
 * Level 3.7 Unarmed Combat
 + Level 2.4 Spellcasting
 * Level 3.0 Transmutations


You had 4 spell levels left.
You knew the following spells:

 Your Spells              Type           Power        Failure   Level  Hunger
a - Beastly Appendage     Tmut           ##....       6%          1    #......
b - Sticks to Snakes      Tmut           ##......     10%         2    ###....

Your spell library contained the following spells:

 Spells                   Type           Power        Failure   Level  Hunger
 Spider Form              Tmut/Pois      #.........   36%         3    ###....
 Ice Form                 Ice/Tmut       #.......     77%         4    #####..
 Blade Hands              Tmut           ##........   87%         5    ######.


Dungeon Overview and Level Annotations

Branches:
Dungeon (3/15)

Altars:
Ashenzari


Innate Abilities, Weirdness & Mutations

Your plain brown scales are hard. (AC +5)
You cannot fit into any form of body armour.
You are cold-blooded and may be slowed by cold attacks.
You have a pair of horns on your head.


Message History

The adder poisons you!
You climb upwards.
You feel sick.
There is a stone staircase leading down here.
You closely miss the adder.
The adder is moderately wounded.
You are starving!
You feel sick. The leopard gecko bites you.
* * * LOW HITPOINT WARNING * * *
The adder barely misses you. The leopard gecko barely misses you.
You closely miss the adder. Your headbutt misses the adder.
The adder is moderately wounded.
The adder bites you.
* * * LOW HITPOINT WARNING * * *
The leopard gecko barely misses you. The adder closely misses you.
You hit the adder but do no damage. Your headbutt misses the adder.
The adder is moderately wounded.
The adder closely misses you. The leopard gecko bites you.
* * * LOW HITPOINT WARNING * * *
It was a potion of haste.
You feel yourself speed up.
You die...

##.#
#........#...######
...# ###########.##
#### #.# #.# #.# #.#
########## #.#
.........# ##########
#.# .#######.#
#.l@S....# #.# .#####
#.#
#.######.###.#######
.....# #.#
###.###..............#
...#.# #.#
#.......##.###.#####.#
.....# #.#
#.#.######.##...##....
##...###.#
#.#......<.#.....#.###
..#......#
#.###########...##.# #
.......### #.#
##.###.### ...###.##
##.#### #.# #....


You could see an adder and a leopard gecko.

Vanquished Creatures
  2 adders (D:2)
  2 oozes
  3 dart slugs
  A leopard gecko (D:1)
  7 bats
  2 giant cockroaches (D:1)
  6 goblins
  8 hobgoblins
  6 jackals (D:1)
  9 kobolds
  A quokka (D:2)
  2 frilled lizards
  6 rats
55 creatures vanquished.

Notes
Turn   | Place    | Note
-------+----------+-------------------------------------------
     0 | D:1      | IceCat the Draconian Transmuter began the quest for the
                  | Orb.
     0 | D:1      | Reached XP level 1. HP: 16/16 MP: 3/3
   292 | D:1      | Reached XP level 2. HP: 19/23 MP: 3/5
   763 | D:1      | Reached XP level 3. HP: 26/28 MP: 6/6
  1545 | D:2      | Learned a level 2 spell: Sticks to Snakes
  1662 | D:2      | Reached XP level 4. HP: 22/36 MP: 7/7
  2018 | D:2      | Found a shattered altar of Ashenzari.
  2715 | D:2      | HP: 1/36 [adder (4)]
  2717 | D:2      | Succumbed to an adder's poison

Levels and vault maps discovered:
D:1:      dpeg_arrival_rooms_a, layout_basic, minmay_misc_feat_tower,
          minmay_pentomino_o2
D:2:      layout_loops_corners, grunt_decor_resistance, evilmike_ruin_ashenzari
D:3:      layout_basic, first_ration

Skill      XL: |  1  2  3  4 |
---------------+-------------+-----
Dodging        | 2 |  2.2
Transmutations | 3 |  3.0
Fighting       | |  1.8
Unarmed Combat | |  3.7
Spellcasting   | |  2.4

Action                   |  1- 3 |  4- 6 || total
-------------------------+-------+-------++-------
Melee: Unarmed           |   157 |    49 ||   206
       Tailslap          |     9 |     2 ||    11
       Headbutt          |     2 |       ||     2
       Punch             |     2 |       ||     2
       Kick              |       |     2 ||     2
 Cast: Beastly Appendage |     8 |     4 ||    12
  Use: Scroll            |     1 |       ||     1
       Potion            |       |     1 ||     1
 Stab: Sleeping          |     1 |       ||     1
  Eat: Chunk             |     3 |     1 ||     4
Armor: Skin              |    58 |    19 ||    77
Dodge: Dodged            |   117 |    64 ||   181
